 Dungeon Crawl Stone Soup version 0.15-a0-1293-g4a08026 (webtiles) character file.

572 RedPan the Martial Artist (level 7, -4/35 HPs)
             Began as a Vine Stalker Monk on June 6, 2014.
             Was a Believer of Qazlal.
             Slain by a gnoll sergeant
             ... wielding a +1,+2 vampiric spear
              (7 damage)
             ... on Level 5 of the Dungeon.
             The game lasted 00:12:54 (2737 turns).

RedPan the Martial Artist (Vine Stalker Monk)       Turns: 2737, Time: 00:12:55

HP  -4/35        AC  4     Str 13      XL: 7   Next: 34%
MP   0/9         EV 13     Int 12      God: Qazlal [**....]
Gold 98          SH  3     Dex 17      Spells:  0 memorised,  6 levels left

rFire  . . .     SeeInvis .       - Unarmed
rCold  . . .     Clarity  .     a - +0 robe
rNeg   + . .     rCorr    .     (no shield)
rPois  .         rRot     +     q - +0 helmet
rElec  .         Spirit   +     (no cloak)
SustAb .         Warding  .     m - +0 pair of gloves
rMut   .         Stasis   .     (no boots)
Gourm  .                        (no amulet)
MR     .....                    (no ring)
                                A - ring of positive energy

@: not resistant to hostile enchantments, unstealthy
A: fangs 2, regeneration 2, magic shield, antimagic bite, no device heal 3, rot
immunity
a: Upheaval, Renounce Religion


You were on level 5 of the Dungeon.
You worshipped Qazlal.
Qazlal was pleased with you.
You were not hungry.

You visited 1 branch of the dungeon, and saw 5 of its levels.

You collected 248 gold pieces.
You spent 150 gold pieces at shops.

Inventory:

Armour
 a - a +0 robe (worn)
 m - a +0 pair of gloves (worn)
 q - a +0 helmet (worn)
Magical devices
 o - a wand of random effects (8)
 y - a wand of flame (12) {unknown}
Comestibles
 b - 2 bread rations
 j - a meat ration
 l - 2 rotting chunks of quokka flesh
 w - 2 royal jellies
 z - 2 chunks of hound flesh
Scrolls
 c - 4 scrolls of teleportation
 d - a scroll of enchant armour {unknown}
 e - a scroll of enchant weapon II
 h - a scroll of random uselessness {unknown}
 i - 7 scrolls of identify
 k - a scroll of recharging {unknown}
 r - a scroll of enchant weapon I {unknown}
 s - 2 scrolls of fear {unknown}
Jewellery
 A - a ring of positive energy (left hand)
Potions
 f - 3 potions of curing
 g - 3 potions of agility {unknown}
 n - 3 potions of mutation {unknown}
 p - 3 potions of restore abilities
 u - a potion of lignification
 v - a potion of might
 x - a potion of berserk rage {unknown}


   Skills:
 - Level 2.6 Fighting
 - Level 2.4 Dodging
 - Level 2.4 Stealth
 + Level 8.7 Unarmed Combat


You had 6 spell levels left.
You didn't know any spells.

Dungeon Overview and Level Annotations

Branches:
Dungeon (5/15)
 Temple: D:4-7

Altars:
Ashenzari
Qazlal

Shops:
D:4 !


Innate Abilities, Weirdness & Mutations

You have extremely sharp teeth.
You heal very quickly.
When hurt, damage is shared between your health and your magic reserves.
Your bite disrupts and absorbs the magic of your enemies.
Potions and wands cannot restore your health.
You are immune to rotting.


Message History

You hit the gnoll sergeant. You bite the gnoll sergeant. You drain its power.
You feel invigorated.
The gnoll sergeant is lightly wounded.
You hit the gnoll sergeant but do no damage.
The gnoll sergeant is lightly wounded.
The gnoll sergeant hits you with a runed spear.
* * * LOW HITPOINT WARNING * * *
You are too injured to fight recklessly!
You hit the gnoll sergeant. You bite the gnoll sergeant. You drain its power.
You feel invigorated.
The gnoll sergeant is heavily wounded.
The gnoll sergeant hits you with a runed spear!
* * * LOW HITPOINT WARNING * * *
You hit the gnoll sergeant.
You bite the gnoll sergeant, but do no damage.
The gnoll sergeant is heavily wounded.
The gnoll sergeant hits you with a runed spear.
* * * LOW HITPOINT WARNING * * *
The gnoll sergeant hits you from afar with a runed spear!
You die...

# ..############# #...
#.............. #...
#.............. #...
#.............. #...
#.............. #...
#........<..... ...
##..............
....###g###)..............
.......§.@...#)...........
.............#..(......%..
............#............
....#####..##............
... #..............(. .
#####............
#............
#........<...
≈≈............


You could see a gnoll sergeant.

Vanquished Creatures
  A centaur (D:5)
  A giant frog (D:3)
  2 hounds
  4 orc wizards
  A worker ant (D:4)
  5 gnolls
  6 adders
  A shadow imp (D:5)
  4 worms
  2 giant geckos
  An ooze (D:3)
  8 orcs
  14 bats
  3 giant cockroaches
  11 goblins
  10 hobgoblins
  4 jackals
  3 quokkas
  4 giant newts
  A goblin skeleton (D:4)
  A hobgoblin skeleton (D:5)
  14 kobolds
  9 rats
110 creatures vanquished.

Notes
Turn   | Place    | Note
--------------------------------------------------------------
     0 | D:1      | RedPan, the Vine Stalker Monk, began the quest for the Orb.
     0 | D:1      | Reached XP level 1. HP: 11/11 MP: 1/1
    95 | D:1      | Reached XP level 2. HP: 7/16 MP: 3/3
   482 | D:1      | Reached XP level 3. HP: 19/19 MP: 4/4
   699 | D:1      | Reached skill level 5 in Unarmed Combat
   981 | D:2      | Reached XP level 4. HP: 20/23 MP: 3/5
  1365 | D:3      | Noticed a giant frog
  1383 | D:3      | Killed a giant frog
  1383 | D:3      | Reached skill level 6 in Unarmed Combat
  1383 | D:3      | Reached XP level 5. HP: 12/27 MP: 7/7
  1537 | D:3      | Reached skill level 7 in Unarmed Combat
  1603 | D:3      | Gained mutation: You heal very quickly. [vine stalker growth]
  1603 | D:3      | Reached XP level 6. HP: 23/32 MP: 6/8
  2110 | D:4      | Found Fuafoab's Distillery.
  2118 | D:4      | Bought a potion of heal wounds for 36 gold pieces
  2118 | D:4      | Bought a potion of curing for 24 gold pieces
  2118 | D:4      | Bought a potion of restore abilities for 36 gold pieces
  2118 | D:4      | Bought a potion of lignification for 24 gold pieces
  2118 | D:4      | Bought a potion of might for 30 gold pieces
  2314 | D:4      | Reached skill level 8 in Unarmed Combat
  2402 | D:4      | Reached XP level 7. HP: 35/35 MP: 9/9
  2507 | D:4      | Found a shattered altar of Ashenzari.
  2510 | D:4      | Found a stormy altar of Qazlal.
  2518 | D:4      | Became a worshipper of Qazlal Stormbringer
  2518 | D:4      | Acquired Qazlal's first power
  2518 | D:4      | Acquired Qazlal's second power
  2627 | D:5      | Entered Level 5 of the Dungeon
  2737 | D:5      | Slain by a gnoll sergeant

Action                   |  1- 3 |  4- 6 |  7- 9 || total
-------------------------+-------+-------+-------++-------
Melee: Unarmed           |    93 |   161 |    38 ||   292
Evoke: Wand              |       |     1 |       ||     1
  Use: Scroll            |       |     5 |       ||     5
 Stab: Sleeping          |     1 |     8 |       ||     9
       Confused          |       |     1 |       ||     1
